| TOP OF THE 1ST |
|
University of Illinois Fighting Illini batting - Pitching for University of Michigan Wolverines : RHP Alberto Cabrera
|
|
Pitching: RHP Alberto Cabrera
|
|
|
Batting: SHB Dan Strickland
|
0-0: Called Strike 0-1: Ball 1-1: Ball 2-1: Foul Ball, location: 2F 2-2: Ball 3-2: Foul Ball, location: 2F 3-2: Fly out, F8 (Flyball, 8RD, EV 104.4 MPH)
|
|
Batting: RHB Hugo Priego
|
0-0: Ball 1-0: Called Strike 1-1: Ball 2-1: Swinging Strike 2-2: Ground out 3-1 (Groundball, 34, EV 77.5 MPH)
|
|
Batting: LHB Bill Kovac
|
0-0: Ball 1-0: SINGLE (Line Drive, 78S, EV 108.8 MPH)
|
|
Batting: LHB Fumito Sakurai
|
0-0: Foul Ball, location: 2F 0-1: Ball 1-1: Called Strike 1-2: Reached on error, E1 (Groundball, 34S, EV 68.8 MPH) Bill Kovac to third
|
|
Batting: LHB Alex Rivera
|
0-0: Ball 1-0: Foul Ball, location: 2F 1-1: Ball 2-1: Ball 3-1: Swinging Strike 3-2: SINGLE (Groundball, 4D, EV 100.6 MPH) Bill Kovac scores Fumito Sakurai to third Runner from 3rd tries for Home, SAFE, throw by CF to home Alex Rivera to second
|
|
Batting: SHB Ernesto Mazas
|
0-0: Called Strike 0-1: DOUBLE (Line Drive, 78D, EV 112.5 MPH) Alex Rivera scores
|
|
Batting: LHB Javy Rueda
|
0-0: Swinging Strike 0-1: Ball 1-1: Called Strike 1-2: Ball 2-2: Ball 3-2: Foul Ball, location: 2F 3-2: Base on Balls
|
|
Batting: RHB Fernando Acosta
|
0-0: Called Strike 0-1: Ball 1-1: Fly out, F8 (Flyball, 8LM, EV 72.5 MPH)
|
| Top of the 1st over - 3 runs, 3 hits, 1 error, 2 left on base; University of Illinois 3 - University of Michigan 0 |
| BOTTOM OF THE 1ST |
|
University of Michigan Wolverines batting - Pitching for University of Illinois Fighting Illini : RHP Shitoshi Sai
|
|
Pitching: RHP Shitoshi Sai
|
|
|
Batting: LHB Tony Olvera
|
0-0: Ball 1-0: Ball 2-0: Foul Ball, location: 2F 2-1: SINGLE (Flyball, 7LS, EV 94.4 MPH)
|
|
Batting: LHB Dave Cook
|
0-0: Ball 1-0: Ball 2-0: Called Strike 2-1: 2-RUN HOME RUN (Flyball, 78XD, EV 108.1 MPH), Distance : 431 ft
|
|
Batting: LHB Adrian Navarro
|
0-0: Called Strike 0-1: Fly out, F9 (Flyball, 9D, EV 96.9 MPH)
|
|
Batting: RHB Franklin Ortega
|
0-0: Swinging Strike 0-1: Ball 1-1: Called Strike 1-2: Ball 2-2: Strikes out swinging
|
|
Batting: RHB Jason Rhodes
|
0-0: Ball 1-0: Ball 2-0: Ground out 2-3 (Groundball, 15S, EV 76.2 MPH)
|
| Bottom of the 1st over - 2 runs, 2 hits, 0 errors, 0 left on base; University of Illinois 3 - University of Michigan 2 |
| TOP OF THE 2ND |
|
University of Illinois Fighting Illini batting - Pitching for University of Michigan Wolverines : RHP Alberto Cabrera
|
|
Batting: RHB Oscar Ramirez
|
0-0: Ball 1-0: Ball 2-0: SINGLE (Groundball, 6MD, EV 106.2 MPH)
|
|
Batting: SHB Dan Strickland
|
0-0: Ball 1-0: Called Strike 1-1: Ball 2-1: Foul Ball, location: 2F 2-2: Ball 3-2: Foul Ball, location: 2F 3-2: SINGLE (Line Drive, 34D, EV 96.9 MPH) Oscar Ramirez to second Runner from 2nd tries for 3rd, SAFE, no throw by RF
|
|
Batting: RHB Hugo Priego
|
0-0: SINGLE (Groundball, 3D, EV 101.9 MPH) Oscar Ramirez scores Dan Strickland to second Runner from 2nd tries for 3rd, SAFE, no throw by RF
|
|
Batting: LHB Bill Kovac
|
0-0: Called Strike 0-1: Swinging Strike 0-2: Fly out, F5 (Popup, 5SF, EV 84.4 MPH)
|
|
Batting: LHB Fumito Sakurai
|
0-0: Ball 1-0: Ball 2-0: Fly out, F8 (Flyball, 8RS, EV 89.4 MPH)
|
|
Batting: LHB Alex Rivera
|
0-0: Swinging Strike 0-1: Foul Ball, location: 2F 0-2: Strikes out swinging
|
| Top of the 2nd over - 1 run, 3 hits, 0 errors, 2 left on base; University of Illinois 4 - University of Michigan 2 |
| BOTTOM OF THE 2ND |
|
University of Michigan Wolverines batting - Pitching for University of Illinois Fighting Illini : RHP Shitoshi Sai
|
|
Batting: RHB Justin Young
|
0-0: Called Strike 0-1: Swinging Strike 0-2: Foul Ball, location: 2F 0-2: Ball 1-2: Ball 2-2: Foul Ball, location: 2F 2-2: Foul Ball, location: 2F 2-2: Foul Ball, location: 2F 2-2: Ball 3-2: SINGLE (Line Drive, 34, EV 98.1 MPH)
|
|
Batting: RHB Dave Guevara
|
0-0: Called Strike 0-1: Ball 1-1: Ball 2-1: Swinging Strike 2-2: Ball 3-2: Grounds into double play, 4-6-3 (Groundball, 34, EV 85.0 MPH)
|
|
Batting: RHB Jamie Broadhurst
|
0-0: Ball 1-0: Foul Ball, location: 2F 1-1: Fly out, F8 (Flyball, 89M, EV 89.4 MPH)
|
| Bottom of the 2nd over - 0 runs, 1 hit, 0 errors, 0 left on base; University of Illinois 4 - University of Michigan 2 |
| TOP OF THE 3RD |
|
University of Illinois Fighting Illini batting - Pitching for University of Michigan Wolverines : RHP Alberto Cabrera
|
|
Batting: SHB Ernesto Mazas
|
0-0: Ground out 4-3 (Groundball, 34, EV 106.2 MPH)
|
|
Batting: LHB Javy Rueda
|
0-0: Foul Ball, location: 2F 0-1: Ball 1-1: Fly out, F7 (Flyball, 7LSF, EV 88.8 MPH)
|
|
Pitching: RHP Ricky Mendoza
|
|
|
Batting: RHB Fernando Acosta
|
0-0: Fly out, F8 (Line Drive, 8RM, EV 88.8 MPH)
|
| Top of the 3rd over - 0 runs, 0 hits, 0 errors, 0 left on base; University of Illinois 4 - University of Michigan 2 |
| BOTTOM OF THE 3RD |
|
University of Michigan Wolverines batting - Pitching for University of Illinois Fighting Illini : RHP Shitoshi Sai
|
|
Batting: RHB Glen Limeburner
|
0-0: Swinging Strike 0-1: Ball 1-1: Ball 2-1: Swinging Strike 2-2: DOUBLE (Line Drive, 7LM, EV 89.4 MPH)
|
|
Batting: LHB Tony Olvera
|
0-0: Ball 1-0: Called Strike 1-1: Swinging Strike 1-2: Strikes out swinging
|
|
Batting: LHB Dave Cook
|
0-0: Ball 1-0: Swinging Strike 1-1: Ball 2-1: Foul Ball, location: 2F 2-2: Foul Ball, location: 2F 2-2: Foul Ball, location: 2F 2-2: Fly out, F7 (Flyball, 7LM, EV 88.8 MPH)
|
|
Batting: LHB Adrian Navarro
|
0-0: Called Strike 0-1: Ball 1-1: Ball 2-1: Foul Ball, location: 2F 2-2: Ball 3-2: Foul Ball, location: 2F 3-2: Strikes out swinging
|
| Bottom of the 3rd over - 0 runs, 1 hit, 0 errors, 1 left on base; University of Illinois 4 - University of Michigan 2 |
| TOP OF THE 4TH |
|
University of Illinois Fighting Illini batting - Pitching for University of Michigan Wolverines : RHP Ricky Mendoza
|
|
Batting: RHB Oscar Ramirez
|
0-0: Ground out 5-3 (Groundball, 56S, EV 78.8 MPH)
|
|
Batting: SHB Dan Strickland
|
0-0: Fly out, F8 (Flyball, 8RXD, EV 101.9 MPH)
|
|
Batting: RHB Hugo Priego
|
0-0: Foul Ball, location: 2F 0-1: Foul Ball, location: 2F 0-2: Ball 1-2: Ball 2-2: Reached on error, E6 (Groundball, 56D, EV 85.6 MPH)
|
|
Batting: LHB Bill Kovac
|
0-0: Ball 1-0: Called Strike Hugo Priego steals 2nd base 1-1: Swinging Strike 1-2: Fly out, F8 (Flyball, 8LD, EV 86.9 MPH)
|
| Top of the 4th over - 0 runs, 0 hits, 1 error, 1 left on base; University of Illinois 4 - University of Michigan 2 |
| BOTTOM OF THE 4TH |
|
University of Michigan Wolverines batting - Pitching for University of Illinois Fighting Illini : RHP Shitoshi Sai
|
|
Batting: RHB Franklin Ortega
|
0-0: Foul Ball, location: 2F 0-1: Foul Ball, location: 2F 0-2: SINGLE (Line Drive, 6MD, EV 102.5 MPH)
|
|
Batting: RHB Jason Rhodes
|
0-0: Fly out, F7 (Line Drive, 78S, EV 94.4 MPH)
|
|
Batting: RHB Justin Young
|
0-0: Ball 1-0: Foul Ball, location: 2F 1-1: Grounds into double play, 6-4-3 (Groundball, 6, EV 106.2 MPH)
|
| Bottom of the 4th over - 0 runs, 1 hit, 0 errors, 0 left on base; University of Illinois 4 - University of Michigan 2 |
| TOP OF THE 5TH |
|
University of Illinois Fighting Illini batting - Pitching for University of Michigan Wolverines : RHP Ricky Mendoza
|
|
Batting: LHB Fumito Sakurai
|
0-0: Ball 1-0: Ball 2-0: SINGLE (Groundball, 5S, EV 63.8 MPH) (infield hit)
|
|
Batting: LHB Alex Rivera
|
0-0: Ball 1-0: Ball 2-0: Ball 3-0: Called Strike 3-1: Base on Balls Fumito Sakurai to second
|
|
Batting: SHB Ernesto Mazas
|
0-0: Called Strike 0-1: SINGLE (Line Drive, 4D, EV 98.1 MPH) Fumito Sakurai to third Alex Rivera to second Runner from 3rd tries for Home, SAFE, throw by RF to home
|
|
Batting: LHB Javy Rueda
|
0-0: Ball 1-0: Ball 2-0: Ball 3-0: Called Strike 3-1: Base on Balls Alex Rivera to third Ernesto Mazas to second
|
|
Batting: RHB Fernando Acosta
|
0-0: Ball 1-0: Called Strike 1-1: Ground out 5-3 (Groundball, 56S, EV 61.2 MPH) Alex Rivera scores Ernesto Mazas to third Javy Rueda to second
|
|
Batting: RHB Oscar Ramirez
|
0-0: Foul Ball, location: 2F 0-1: Ball 1-1: Ground out 1-3 (Groundball, 15, EV 73.8 MPH)
|
|
Batting: SHB Dan Strickland
|
0-0: Reached on error, E2 (Groundball, 2R, EV 70.0 MPH) Ernesto Mazas scores Javy Rueda scores
|
|
Pitching: RHP Mike Echegoyen
|
|
|
Batting: RHB Hugo Priego
|
0-0: Ball 1-0: SINGLE (Line Drive, 4D, EV 96.2 MPH) Dan Strickland to third Runner from 3rd tries for Home, SAFE, throw by CF to home Hugo Priego to second
|
|
Batting: LHB Bill Kovac
|
0-0: Ball 1-0: Ball 2-0: DOUBLE (Line Drive, 78M, EV 93.8 MPH) Hugo Priego scores
|
|
Batting: LHB Fumito Sakurai
|
0-0: Foul Ball, location: 2F 0-1: Ball 1-1: Foul Ball, location: 2F 1-2: Ball 2-2: Ground out 6-3 (Groundball, 56, EV 85.6 MPH)
|
| Top of the 5th over - 6 runs, 4 hits, 1 error, 1 left on base; University of Illinois 10 - University of Michigan 2 |
| BOTTOM OF THE 5TH |
|
University of Michigan Wolverines batting - Pitching for University of Illinois Fighting Illini : RHP Shitoshi Sai
|
|
Batting: RHB Dave Guevara
|
0-0: Called Strike 0-1: Ball 1-1: Ground out 5-3 (Groundball, 56S, EV 63.8 MPH)
|
|
Batting: RHB Jamie Broadhurst
|
0-0: Ball 1-0: Called Strike 1-1: Foul Ball, location: 2F 1-2: Ball 2-2: Ball 3-2: Fly out, F8 (Flyball, 8RM, EV 76.9 MPH)
|
|
Batting: RHB Glen Limeburner
|
0-0: Ball 1-0: Ball 2-0: Ground out 4-3 (Groundball, 4, EV 83.1 MPH)
|
| Bottom of the 5th over - 0 runs, 0 hits, 0 errors, 0 left on base; University of Illinois 10 - University of Michigan 2 |
| TOP OF THE 6TH |
|
University of Illinois Fighting Illini batting - Pitching for University of Michigan Wolverines : RHP Mike Echegoyen
|
|
Batting: LHB Alex Rivera
|
0-0: Foul Ball, location: 2F 0-1: Ball 1-1: Called Strike 1-2: Ball 2-2: Ball 3-2: Base on Balls
|
|
Batting: SHB Ernesto Mazas
|
0-0: Swinging Strike 0-1: Ball 1-1: Ball 2-1: Foul Ball, location: 2F 2-2: Strikes out swinging
|
|
Batting: LHB Javy Rueda
|
0-0: Ball 1-0: Called Strike 1-1: Called Strike 1-2: Ball 2-2: Ball 3-2: Foul Ball, location: 2F 3-2: Base on Balls Alex Rivera to second
|
|
Pitching: RHP Marshall Laurence
|
|
|
Batting: RHB Fernando Acosta
|
0-0: Called Strike 0-1: Ball 1-1: Foul Ball, location: 2F 1-2: SINGLE (Flyball, 4D, EV 93.8 MPH) Alex Rivera to third Javy Rueda to second
|
|
Batting: RHB Oscar Ramirez
|
0-0: Ball 1-0: Ball 2-0: Ball 3-0: Base on Balls Alex Rivera scores Javy Rueda to third Fernando Acosta to second
|
|
Batting: SHB Dan Strickland
|
0-0: Ball Passed Ball! Javy Rueda scores Fernando Acosta to third Oscar Ramirez to second 1-0: Swinging Strike 1-1: Swinging Strike 1-2: Ball 2-2: Foul Ball, location: 2F 2-2: Foul Ball, location: 2F 2-2: Foul Ball, location: 2F 2-2: Ball 3-2: SINGLE (Groundball, 34D, EV 98.8 MPH) Fernando Acosta scores Oscar Ramirez to third Runner from 3rd tries for Home, SAFE, throw by RF to home
|
|
Batting: RHB Hugo Priego
|
0-0: Ball 1-0: Called Strike 1-1: Foul Ball, location: 2F 1-2: Ball 2-2: Ball 3-2: Fielders Choice at 2nd, 5-4 (Groundball, 56, EV 103.1 MPH)
|
|
Batting: LHB Bill Kovac
|
0-0: Called Strike 0-1: Ball 1-1: Ball 2-1: Swinging Strike 2-2: Foul Ball, location: 2F 2-2: Fly out, F9 (Line Drive, 89S, EV 90.0 MPH)
|
| Top of the 6th over - 4 runs, 2 hits, 0 errors, 1 left on base; University of Illinois 14 - University of Michigan 2 |
| BOTTOM OF THE 6TH |
|
University of Michigan Wolverines batting - Pitching for University of Illinois Fighting Illini : RHP Shitoshi Sai
|
|
Batting: LHB Tony Olvera
|
0-0: Called Strike 0-1: Swinging Strike 0-2: Strikes out swinging
|
|
Batting: LHB Dave Cook
|
0-0: Ball 1-0: Foul Ball, location: 2F 1-1: Reached on error, E6 (Groundball, 6, EV 79.4 MPH)
|
|
Batting: LHB Adrian Navarro
|
0-0: Swinging Strike 0-1: Foul Ball, location: 2F 0-2: Ball 1-2: Foul Ball, location: 2F 1-2: Ball 2-2: Strikes out swinging
|
|
Batting: RHB Franklin Ortega
|
0-0: Called Strike 0-1: Foul Ball, location: 2F 0-2: Ball 1-2: Foul Ball, location: 2F 1-2: Ground out 6-3 (Groundball, 6M, EV 85.6 MPH)
|
| Bottom of the 6th over - 0 runs, 0 hits, 1 error, 1 left on base; University of Illinois 14 - University of Michigan 2 |
| TOP OF THE 7TH |
|
University of Illinois Fighting Illini batting - Pitching for University of Michigan Wolverines : RHP Marshall Laurence
|
|
Batting: LHB Fumito Sakurai
|
0-0: Foul Ball, location: 2F 0-1: Foul Ball, location: 2F 0-2: Ball 1-2: Ground out 4-3 (Groundball, 34, EV 105.0 MPH)
|
|
Pitching: RHP Reginald Bamber
|
|
|
Batting: LHB Alex Rivera
|
0-0: Called Strike 0-1: Foul Ball, location: 2F 0-2: Ball 1-2: Ball 2-2: Ball 3-2: Ground out U3 (Groundball, 3, EV 107.5 MPH)
|
|
Batting: SHB Ernesto Mazas
|
0-0: Ball 1-0: Called Strike 1-1: Ball 2-1: Ball 3-1: Foul Ball, location: 2F 3-2: Fly out, F8 (Flyball, 8LD, EV 97.5 MPH)
|
| Top of the 7th over - 0 runs, 0 hits, 0 errors, 0 left on base; University of Illinois 14 - University of Michigan 2 |
| BOTTOM OF THE 7TH |
|
University of Michigan Wolverines batting - Pitching for University of Illinois Fighting Illini : RHP Shitoshi Sai
|
|
Now in LF: Cody Leonard
|
|
|
Batting: RHB Jason Rhodes
|
0-0: Ball 1-0: Ball 2-0: Fly out, F9 (Flyball, 9S, EV 87.5 MPH)
|
|
Batting: RHB Justin Young
|
0-0: Ball 1-0: Ground out 4-3 (Groundball, 4, EV 87.5 MPH)
|
|
Batting: RHB Dave Guevara
|
0-0: Foul Ball, location: 2F 0-1: Called Strike 0-2: Strikes out swinging
|
| Bottom of the 7th over - 0 runs, 0 hits, 0 errors, 0 left on base; University of Illinois 14 - University of Michigan 2 |
| TOP OF THE 8TH |
|
University of Illinois Fighting Illini batting - Pitching for University of Michigan Wolverines : RHP Reginald Bamber
|
|
Batting: LHB Javy Rueda
|
0-0: Called Strike 0-1: Ball 1-1: Ball 2-1: Ball 3-1: Ground out 4-3 (Groundball, 34, EV 88.1 MPH)
|
|
Pinch Hitting: RHB Alejandro Collazo
|
0-0: Called Strike 0-1: Foul Ball, location: 2F 0-2: Ball 1-2: Ball 2-2: Ball 3-2: Ground out U3 (Groundball, 13, EV 90.0 MPH)
|
|
Batting: RHB Oscar Ramirez
|
0-0: Called Strike 0-1: Ground out 5-3 (Groundball, 5, EV 106.9 MPH)
|
| Top of the 8th over - 0 runs, 0 hits, 0 errors, 0 left on base; University of Illinois 14 - University of Michigan 2 |
| BOTTOM OF THE 8TH |
|
University of Michigan Wolverines batting - Pitching for University of Illinois Fighting Illini : RHP Shitoshi Sai
|
|
Now at 1B: Clint Hanninen
|
|
|
Now at SS: Alejandro Collazo
|
|
|
Batting: RHB Jamie Broadhurst
|
0-0: Foul Ball, location: 2F 0-1: Called Strike 0-2: Ball 1-2: Ground out 4-3 (Groundball, 4, EV 105.0 MPH)
|
|
Batting: RHB Glen Limeburner
|
0-0: Called Strike 0-1: Swinging Strike 0-2: Strikes out swinging
|
|
Batting: LHB Tony Olvera
|
0-0: Foul Ball, location: 2F 0-1: Ground out 6-3 (Groundball, 6, EV 97.5 MPH)
|
| Bottom of the 8th over - 0 runs, 0 hits, 0 errors, 0 left on base; University of Illinois 14 - University of Michigan 2 |
| TOP OF THE 9TH |
|
University of Illinois Fighting Illini batting - Pitching for University of Michigan Wolverines : RHP Reginald Bamber
|
|
Pitching: RHP Travis Palmisano
|
|
|
Batting: SHB Dan Strickland
|
0-0: Called Strike 0-1: Foul Ball, location: 2F 0-2: Foul Ball, location: 2F 0-2: Ball 1-2: Ground out U3 (Groundball, 34, EV 98.8 MPH)
|
|
Batting: RHB Hugo Priego
|
0-0: Ball 1-0: DOUBLE (Line Drive, 89M, EV 105.6 MPH)
|
|
Batting: RHB Cody Leonard
|
0-0: Ball 1-0: Foul Ball, location: 2F 1-1: Swinging Strike 1-2: Foul Ball, location: 2F 1-2: Ground out 6-3 (Groundball, 6, EV 79.4 MPH) Hugo Priego to third
|
|
Batting: LHB Fumito Sakurai
|
0-0: Ball 1-0: Foul Ball, location: 2F 1-1: Ball 2-1: Ball 3-1: Base on Balls
|
|
Pinch Hitting: RHB Mustafa bin Gamali
|
0-0: Called Strike 0-1: Called Strike 0-2: Ball 1-2: Strikes out looking
|
| Top of the 9th over - 0 runs, 1 hit, 0 errors, 2 left on base; University of Illinois 14 - University of Michigan 2 |
| BOTTOM OF THE 9TH |
|
University of Michigan Wolverines batting - Pitching for University of Illinois Fighting Illini : RHP Shitoshi Sai
|
|
Now at C: Mustafa bin Gamali
|
|
|
Batting: LHB Dave Cook
|
0-0: Called Strike 0-1: Fly out, F9 (Flyball, 9, EV 78.1 MPH)
|
|
Batting: LHB Adrian Navarro
|
0-0: Ball 1-0: TRIPLE (Line Drive, 89XD, EV 110.0 MPH)
|
|
Pinch Hitting: LHB Gabe Morales
|
0-0: Foul Ball, location: 2F 0-1: Ball 1-1: Ball 2-1: Called Strike Balk! Adrian Navarro scores 2-2: Ball 3-2: Strikes out swinging
|
|
Batting: RHB Jason Rhodes
|
0-0: Ball 1-0: SINGLE (Groundball, 6MD, EV 99.4 MPH)
|
|
Batting: RHB Justin Young
|
0-0: Swinging Strike 0-1: Fly out, F8 (Flyball, 8RM, EV 87.5 MPH)
|
| Bottom of the 9th over - 1 run, 2 hits, 0 errors, 1 left on base; University of Illinois 14 - University of Michigan 3 |
|